Map: Traitor's Exile

Players

MonstroTown

  • Race: Terran Terran
  • Spawn Location: 9:00

Michael

  • Race: Zerg Zerg
  • League: Gold
  • Spawn Location: 12:00

sBsriracha - Winner!

  • Race: Terran Terran
  • League: Platinum
  • Spawn Location: 6:00

Glassofmilk - Winner!

  • Race: Zerg Zerg
  • League: Platinum
  • Spawn Location: 5:00

VOD

Have the link to the VOD?

Description

Time

  • Played on: Oct. 1, 2018, 6:48 p.m.
  • Length: 11:37
Show
View Real Time Build Order
Export as new Build Order

MonstroTown Terran 

Build Orders: MMM Bio 

Get SALT Encoding   

  12  0:01  SCV  
  13  0:13  SCV  
  14  0:19  Supply Depot  
  14  0:25  SCV  
  15  0:40  SCV  
  15  0:42  Barracks  
  16  0:52  Refinery  
  16  0:53  SCV  
  17  1:04  Barracks  
  17  1:08  SCV  
  18  1:21  SCV  
  19  1:29  Marine  
  20  1:37  Orbital Command  
  20  1:50  Reaper  
  20  1:52  Marine  
  22  2:02  Supply Depot  
  22  2:03  SCV  
  23  2:23  Marine x2  
  25  2:34  Command Center  
  25  2:41  Marine x2  
  25  2:43  Factory  
  26  2:46  Barracks  
  24  2:59  Marine  
  24  3:05  SCV  
  26  3:09  Barracks Tech Lab  
  26  3:15  Supply Depot  
  26  3:17  SCV  
  27  3:29  SCV  
  27  3:32  Marauder  
  27  3:33  Factory Tech Lab  
  30  3:34  Marine  
  30  3:36  Marine  
  30  3:39  Supply Depot  
  32  3:41  SCV  
  32  3:42  Refinery  
  33  3:50  Stimpack  
  33  3:52  Marine  
  33  3:53  Marine  
  35  3:59  SCV  
  36  4:05  Orbital Command  
  36  4:12  SCV  
  37  4:21  Barracks Reactor  
  37  4:22  Marine  
  37  4:24  SCV  
  39  4:32  Refinery  
  39  4:34  Siege Tank  
  39  4:36  SCV  
  39  4:38  SCV  
  44  4:46  Refinery  
  44  4:48  SCV  
  44  4:50  SCV  
  44  4:51  Barracks Reactor  
  46  4:55  Supply Depot  
  46  5:00  SCV  
  46  5:03  Starport  
  46  5:06  Marine  
  48  5:09  Engineering Bay  
  48  5:13  Marauder, Marine  
  51  5:28  SCV x2  
  53  5:38  Marine x4  
  53  5:39  Marine  
  53  5:40  SCV x2  
  53  5:42  Terran Infantry Weapons Level 1  
  60  5:50  Combat Shields  
  60  5:52  SCV x2  
  60  5:53  Medivac  
  60  5:56  Marine  
  65  5:58  Siege Tank  
  65  5:59  Marine  
  65  6:00  Marine  
  70  6:07  SCV x2  
  65  6:19  SCV x2  
  65  6:23  Missile Turret  
  65  6:25  Missile Turret  
  67  6:31  SCV x2  
  69  6:38  Command Center  
  69  6:42  Marine  
  70  6:48  SCV, Marine x3  
  70  6:49  SCV  
  75  7:00  SCV  
  76  7:01  SCV  
  77  7:22  Marine  
  78  7:29  Supply Depot  
  78  7:45  Supply Depot x2  
  78  7:49  Marine x5  
  78  7:50  SCV, Medivac  
  86  8:08  Marauder  
  83  8:20  Marine x4  
  83  8:21  Siege Tank  
  83  8:22  Medivac  
  92  8:29  Marauder, Orbital Command  
  92  8:32  Missile Turret  
  94  8:37  Marine  
  94  8:38  SCV x2, Marine  
  95  8:42  Marine x2  
  97  8:50  SCV x2  
  97  8:51  Marauder  
  103  8:55  Marine x2  
  103  8:56  Barracks  
  103  9:00  Barracks  
  103  9:02  SCV  
  106  9:03  SCV  
  103  9:12  Starport Reactor  
  103  9:14  SCV  
  104  9:19  Starport x2  
  104  9:21  Marine x3  
  104  9:22  Marine x2  
  109  9:33  Command Center  
  109  9:39  Marine x5  
  117  9:49  Marine x2  
  117  9:50  Barracks x2  
  117  9:52  Barracks  
  116  9:55  Armory  
  116  9:57  Marine  
  117  10:03  Marine  
  118  10:10  Starport Reactor x2  
  118  10:25  SCV x3  
  121  10:37  SCV x2  
  106  10:59  Marine x2  
  106  11:00  Marine x6  
  106  11:01  Marine x2  
  106  11:02  Viking x2  
  106  11:03  Viking x4  
  124  11:17  Marine x3  
  124  11:18  Marine x3  
Show
View Real Time Build Order
Export as new Build Order

Michael Zerg 

Build Orders: Pool First 

Get SALT Encoding   

  12  0:01  Drone  
  13  0:13  Overlord  
  13  0:20  Drone  
  14  0:31  Drone x2  
  14  0:35  Drone  
  17  0:38  Extractor  
  16  0:46  Drone  
  17  0:54  Spawning Pool  
  16  0:57  Drone  
  17  1:07  Drone  
  18  1:24  Overlord  
  18  1:41  Queen  
  18  1:44  Metabolic Boost  
  18  1:46  Zergling x4  
  22  2:00  Hatchery  
  21  2:03  Drone  
  23  2:08  Zergling x2  
  23  2:13  Zergling x2  
  24  2:22  Queen  
  24  2:26  Zergling x2  
  27  2:40  Zergling x2  
  26  2:54  Zergling x8  
  28  3:12  Drone x2  
  30  3:13  Extractor, Roach Warren  
  30  3:19  Queen  
  30  3:21  Drone  
  29  3:32  Drone  
  30  3:48  Drone x4, Spine Crawler  
  34  3:53  Drone  
  34  3:54  Drone  
  35  4:01  Overlord  
  35  4:08  Overlord  
  35  4:15  Overlord  
  35  4:22  Roach x2  
  39  4:27  Roach  
  39  4:30  Roach  
  43  4:36  Drone  
  43  4:37  Drone  
  45  4:39  Drone  
  45  4:41  Drone  
  45  4:45  Drone  
  48  4:54  Drone  
  48  4:55  Drone  
  48  4:56  Roach  
  48  4:58  Roach  
  54  5:02  Roach  
  56  5:10  Evolution Chamber  
  56  5:12  Drone x3  
  58  5:17  Overlord  
  58  5:21  Overlord  
  58  5:30  Lair  
  58  5:35  Overlord  
  58  5:38  Roach x2  
  58  5:41  Roach  
  64  5:56  Drone  
  66  5:57  Drone x3  
  66  6:03  Roach  
  70  6:07  Hatchery  
  69  6:29  Queen x2  
  67  6:50  Roach x2  
  67  6:52  Roach  
  73  7:05  Queen  
  75  7:09  Extractor x2  
  75  7:13  Zerg Missile Weapons Level 1, Glial Reconstitution  
  75  7:14  Infestation Pit  
  72  7:19  Drone x6, Hydralisk Den  
  77  7:35  Drone x2  
  77  7:36  Drone x7  
  86  7:41  Overlord  
  86  7:45  Overlord  
  86  7:49  Overlord  
  86  7:54  Burrow  
  86  7:56  Drone  
  86  7:58  Overlord  
  87  8:08  Drone x2  
  87  8:09  Drone x4  
  93  8:21  Drone x2  
  93  8:25  Drone x4  
  99  8:29  Extractor x2  
  97  8:35  Queen  
  97  8:36  Queen  
  97  8:39  Overlord  
  97  8:40  Overlord x2  
  101  8:48  Muscular Augments  
  101  8:53  Overlord  
  101  8:54  Overlord  
  101  9:02  Spore Crawler  
  100  9:04  Spore Crawler  
  100  9:05  Queen, Spore Crawler  
  100  9:07  Zerg Ground Armor Level 1  
  148  9:51  Swarm Host x2  
  154  9:55  Overlord x5  
  154  10:06  Overlord, Grooved Spines  
  154  10:07  Overlord x2  
  154  10:12  Overlord x2  
  154  10:16  Drone  
  161  11:11  Hydralisk x12  
Show
View Real Time Build Order
Export as new Build Order

sBsriracha Terran - Winner!

Build Orders: Hellion Opening 

Get SALT Encoding   

  12  0:01  SCV  
  13  0:13  SCV  
  14  0:18  Supply Depot  
  14  0:25  SCV  
  15  0:30  Refinery  
  15  0:40  SCV  
  16  0:46  Barracks  
  16  0:52  SCV  
  17  1:04  SCV  
  18  1:16  SCV  
  19  1:33  Orbital Command  
  19  1:34  Marine  
  20  1:46  Command Center  
  20  1:58  Factory  
  20  2:00  Barracks Reactor  
  20  2:04  SCV  
  21  2:12  Supply Depot  
  21  2:16  SCV  
  22  2:23  Refinery  
  22  2:29  SCV  
  23  2:46  SCV  
  23  2:49  Hellion x2  
  28  2:58  Barracks Tech Lab  
  28  3:01  Factory  
  28  3:03  SCV  
  28  3:05  Orbital Command  
  29  3:12  Starport  
  29  3:15  SCV  
  30  3:25  Hellion  
  32  3:35  Hellion  
  32  3:36  SCV  
  32  3:38  SCV  
  36  3:47  Hellion  
  38  3:54  Siege Tank  
  41  3:59  Hellion  
  41  4:00  SCV  
  41  4:01  SCV  
  45  4:10  Armory  
  45  4:14  Supply Depot, Medivac  
  45  4:15  Hellion  
  49  4:22  SCV x2  
  51  4:27  Siege Tank  
  54  4:33  Supply Depot  
  54  4:36  SCV x2, Hellion  
  58  4:41  Hellion  
  58  4:45  Starport Reactor  
  60  4:53  Armory  
  60  4:58  Supply Depot  
  60  4:59  Hellion  
  62  5:00  SCV  
  62  5:05  SCV  
  64  5:15  SCV, Refinery  
  64  5:16  Refinery  
  64  5:17  SCV  
  64  5:20  Supply Depot  
  64  5:21  Terran Vehicle Weapons Level 1  
  66  5:27  SCV  
  67  5:30  SCV  
  68  5:40  Siege Tank, Hellion x2  
  75  5:47  SCV  
  75  5:48  SCV  
  77  6:23  Siege Tank  
  77  6:24  Hellion x2  
  84  6:25  Terran Vehicle And Ship Armor Level 1  
  84  6:26  Medivac  
  84  6:32  Supply Depot, Medivac  
  88  6:33  SCV x2  
  88  6:39  Engineering Bay  
  90  6:42  Command Center  
  90  6:45  SCV x2, Hellion  
  94  6:52  Hellion  
  96  6:55  Siege Tank  
  96  6:56  Supply Depot  
  99  7:07  Hellion  
  101  7:08  SCV x2  
  101  7:13  Hellion  
  105  7:16  Medivac x2  
  105  7:20  Supply Depot  
  109  7:24  Supply Depot  
  109  7:27  Siege Tank  
  112  7:32  Hellion  
  112  7:33  SCV  
  112  7:34  SCV, Hellion  
  118  7:48  SCV x2  
  120  7:54  Hellion  
  120  7:56  Hellion  
  123  8:00  Siege Tank  
  126  8:12  Viking x2  
  126  8:30  Orbital Command  
  124  8:43  SCV x2  
  124  8:44  Viking x2  
  130  8:57  SCV x3  
  133  9:06  Hellion  
  133  9:07  Siege Tank, Hellion  
  140  9:15  Starport  
  140  9:17  SCV x3  
  140  9:19  Medivac  
  140  9:20  Medivac  
  147  9:35  Refinery x2  
  147  9:36  Sensor Tower  
  147  9:37  Hellion  
  149  9:42  Siege Tank  
  149  9:43  Hellion  
  149  9:44  Supply Depot  
  154  9:54  Medivac  
  156  10:03  SCV  
  156  10:05  Medivac  
  156  10:06  SCV x2, Hellion x2  
  165  10:33  SCV x3, Supply Depot  
  165  10:34  Widow Mine x2, Siege Tank  
  175  10:35  Viking x2  
  130  11:05  Viking x2  
  130  11:08  Hellion  
  130  11:09  Hellion  
Show
View Real Time Build Order
Export as new Build Order

Glassofmilk Zerg - Winner!

Build Orders: Hatch First 

Get SALT Encoding   

  12  0:01  Drone  
  13  0:13  Overlord  
  13  0:19  Drone  
  14  0:31  Drone x2  
  17  0:35  Drone  
  17  0:56  Hatchery  
  16  1:00  Drone  
  16  1:02  Drone  
  18  1:04  Extractor  
  17  1:18  Spawning Pool  
  16  1:20  Drone  
  16  1:23  Drone  
  18  1:31  Drone  
  19  1:41  Overlord  
  19  2:05  Queen  
  19  2:06  Zergling x4  
  23  2:08  Queen  
  23  2:11  Metabolic Boost  
  25  2:22  Zergling x6  
  26  2:53  Zergling x12  
  30  3:04  Overlord  
  30  3:08  Baneling Nest  
  30  3:11  Drone  
  30  3:23  Lair  
  30  3:25  Zergling x4  
  32  3:32  Drone x2  
  32  3:33  Drone x3  
  37  3:44  Evolution Chamber  
  37  3:46  Drone, Evolution Chamber  
  37  3:48  Drone  
  37  3:53  Baneling x2  
  37  3:54  Baneling  
  37  4:01  Overlord  
  37  4:03  Drone  
  37  4:06  Drone  
  39  4:14  Zerg Melee Weapons Level 1  
  39  4:18  Spore Crawler  
  39  4:20  Spore Crawler  
  37  4:31  Extractor  
  36  4:32  Drone x4  
  36  4:35  Drone  
  41  4:44  Drone x3  
  41  4:45  Drone  
  45  4:50  Overlord  
  45  5:08  Zerg Ground Armor Level 1  
  45  5:13  Drone x2  
  47  5:16  Drone x6  
  47  5:17  Drone  
  47  5:21  Extractor  
  53  5:22  Extractor  
  52  5:32  Zergling x2  
  52  5:33  Zergling x6  
  56  5:43  Infestation Pit  
  55  5:51  Hydralisk Den  
  55  5:55  Zergling x2  
  55  5:56  Zergling x4  
  57  5:58  Zergling x2  
  57  6:02  Drone  
  59  6:05  Overlord  
  59  6:06  Hatchery  
  50  6:46  Drone  
  51  6:47  Drone x10  
  51  6:51  Queen  
  51  6:54  Hive  
  63  6:58  Zerg Melee Weapons Level 2  
  63  6:59  Spire  
  62  7:02  Overlord  
  62  7:20  Zerg Missile Weapons Level 1  
  62  7:22  Queen  
  62  7:29  Drone x9  
  73  7:35  Extractor  
  73  7:36  Extractor  
  71  7:41  Grooved Spines  
  71  7:58  Drone x3, Spore Crawler  
  73  8:00  Drone x6  
  73  8:04  Hydralisk  
  81  8:07  Overlord x2  
  81  8:18  Greater Spire  
  81  8:25  Spore Crawler  
  81  8:27  Spore Crawler x2  
  78  8:34  Corruptor x4  
  86  8:51  Corruptor  
  86  8:52  Corruptor x3  
  86  8:53  Muscular Augments  
  94  9:30  Brood Lord  
  94  9:31  Brood Lord  
  98  9:34  Overlord x3  
  98  9:35  Overlord x3  
  98  9:43  Zerg Flyer Armor Level 1  
  98  9:48  Spire  
  97  9:54  Brood Lord x5  
  97  9:55  Hatchery  
  106  10:06  Corruptor  
  106  10:07  Corruptor x2  
  112  10:24  Corruptor  
  114  10:34  Drone x2  
  114  10:35  Drone x4  
  120  10:42  Extractor  
  119  10:46  Extractor  
  118  11:04  Corruptor x6  
Tags
 
Add a new tag
Caveats
  • Supply blocks, unpowered buildings, or Contaminate may cause inaccurate times.
  • Supply counts are checked every 10 seconds.